 Dungeon Crawl Stone Soup version 0.30-a0-1053-gbd8d5ba0ad (webtiles) character file.

Game seed: 2574626016321342430

101 Arzdou the Vexing (level 4, 0/22 HPs)
             Began as a Spriggan Hexslinger on Apr 11, 2023.
             Was a Follower of Okawaru.
             Slain by an iguana (8 damage)
             ... on level 3 of the Dungeon.
             The game lasted 00:05:08 (2422 turns).

Arzdou the Vexing (Spriggan Hexslinger)             Turns: 2422, Time: 00:05:09

Health: 0/22       AC:  3    Str:  6    XL:     4   Next: 48%
Magic:  5/7        EV: 17    Int: 14    God:    Okawaru [*.....]
Gold:   168        SH:  0    Dex: 17    Spells: 2/6 levels left

rFire   . . .      SeeInvis +    a - +1 sling
rCold   . . .      Faith    .    (no shield)
rNeg    . . .      Spirit   .    c - +0 robe
rPois   .          Reflect  .    (helmet restricted)
rElec   .          Rampage  .    k - +0 cloak
rCorr   .                        (gloves unavailable)
Will    .....                    (boots unavailable)
Stlth   ++                       (no amulet)
HPRegen 0.23/turn                (no ring)
MPRegen 0.10/turn                (no ring)

@: very quick
A: very small, no large weapons, unfitting armour, see invisible, speed 3
a: Renounce Religion, Heroism


You were on level 3 of the Dungeon.
You worshipped Okawaru.
Okawaru was aware of your devotion.
You visited 1 branch of the dungeon, and saw 3 of its levels.

You collected 168 gold pieces.

Inventory:

Hand Weapons
 a - a +1 sling (weapon)
Armour
 c - a +0 robe (worn)
 k - a +0 cloak (worn)
 r - a +0 pair of gloves
Magical Staves
 s - a staff of fire
Jewellery
 e - an amulet of reflection
 i - a ring of flight
 t - an amulet of the acrobat
Scrolls
 b - 3 scrolls of poison
 d - a scroll of magic mapping {unknown}
 f - a scroll of silence {unknown}
 g - a scroll of teleportation {unknown}
 h - a scroll of amnesia {unknown}
 j - a scroll of enchant weapon {unknown}
 l - 2 scrolls of identify {unknown}
 p - a scroll of brand weapon {unknown}
Potions
 m - 2 potions of attraction {unknown}
 n - a potion of mutation {unknown}
 o - 2 potions of curing {unknown}
 q - a potion of experience {unknown}


   Skills:
 + Level 1.0 Fighting
 + Level 3.6 Ranged Weapons
 + Level 2.9 Dodging
 + Level 1.5 Stealth
 + Level 1.9 Spellcasting
 + Level 4.4 Hexes


You had 2 spell levels left.
You knew the following spells:

 Your Spells              Type           Power      Damage    Failure   Level
a - Slow                  Hex            52%        N/A       3%          1
b - Portal Projectile     Hex/Tloc       14%        N/A       28%         3

Your spell library contained the following spells:

 Spells                   Type           Power      Damage    Failure   Level
 Apportation              Tloc           2%         N/A       24%         1
 Necrotise                Necr           4%         1d4       24%         1
 Confusing Touch          Hex            13%        N/A       12%         3
 Inner Flame              Hex/Fire       7%         N/A       28%         3
 Cause Fear               Hex            6%         N/A       36%         4
 Vampiric Draining        Necr           1%         2d6       58%         3
 Summon Small Mammal      Summ           Unusable   N/A       N/A         1

Dungeon Overview and Level Annotations

Branches:
Dungeon (3/15)

Altars:
Okawaru

Shops:
D:1 *

Annotations:
D:3 1 runed translucent door, Crazy Yiuf


Innate Abilities, Weirdness & Mutations

You are very small and have problems with some larger weapons.
You are too small for most types of armour.
You have supernaturally acute eyesight. (SInv)
You cover ground extremely quickly. (Speed+++)


Message History

You shoot a sling bullet. The sling bullet hits the iguana.
The iguana is lightly wounded.
You miscast Slow.
You are very lightly contaminated with residual magic.
Nothing appears to happen.
The iguana bites you.
Unknown command.
The iguana resists with significant effort.
The iguana misses you.
The iguana seems to slow down.
The iguana barely misses you.
You shoot a sling bullet.
The sling bullet hits the iguana but does no damage.
The iguana is lightly wounded.
Your magical contamination has completely faded away.
You shoot a sling bullet.
The sling bullet barely misses the iguana.
You hear the slow rusting of a very distant drain.
The iguana bites you but does no damage.
You shoot a sling bullet.
The sling bullet closely misses the iguana.
You shoot a sling bullet.
The sling bullet closely misses the iguana.
The iguana closely misses you.
You shoot a sling bullet.
The sling bullet hits the iguana but does no damage.
The iguana closely misses you.
You shoot a sling bullet. The sling bullet hits the iguana.
The iguana is moderately wounded.
The iguana bites you but does no damage.
You shoot a sling bullet.
The sling bullet barely misses the iguana.
The iguana is no longer moving slowly.
The iguana bites you.
You shoot a sling bullet.
The sling bullet hits the iguana but does no damage.
The iguana is moderately wounded.
The iguana barely misses you.
You shoot a sling bullet.
The sling bullet hits the iguana but does no damage.
The iguana is moderately wounded.
The iguana bites you! x2
You die...

##.#.#
....###..............
...#.#
#.#.###..#.##.......#
......
.....................
.#.###
#.#..###.#.##.......#
.#.#
......?..#.##.......#
##.#
#.######.#.##.......#
.... #....#.#######
##.# #.l#!..# #
##@..### ##.## .# ..
###


You could see an iguana.

Vanquished Creatures
  3 adders
  3 dart slugs
  6 endoplasms
  2 giant cockroaches
  3 goblins
  9 hobgoblins
  6 jackals
  2 quokkas
  8 ball pythons
  3 bats
  11 frilled lizards
  6 kobolds
  7 rats
69 creatures vanquished.

Vanquished Creatures (others)
  8 plants (D:1)
8 creatures vanquished.

Grand Total: 77 creatures vanquished

Notes
Turn   | Place    | Note
-------+----------+-------------------------------------------
     0 | D:1      | Arzdou the Spriggan Hexslinger began the quest for the Orb.
     0 | D:1      | Reached XP level 1. HP: 9/9 MP: 3/3
     6 | D:1      | Noticed a black bear
     6 | D:1      | Noticed a snapping turtle
     6 | D:1      | Noticed a wolf
     7 | D:1      | Noticed a rime drake
     7 | D:1      | Noticed a lindwurm
    97 | D:1      | Reached skill level 4 in Hexes
   154 | D:1      | Reached XP level 2. HP: 14/14 MP: 5/5
   310 | D:1      | Found Giekhlor's Assorted Antiques.
   569 | D:1      | Reached XP level 3. HP: 17/17 MP: 6/6
   893 | D:1      | Learned a level 3 spell: Portal Projectile
  1245 | D:2      | Found a faded altar of an unknown god.
  1265 | D:2      | Prayed at the altar of an unknown god.
  1265 | D:2      | Became a worshipper of Warmaster Okawaru
  1265 | D:2      | Reached * piety under Okawaru
  1274 | D:2      | Reached skill level 1 in Fighting
  1479 | D:2      | Reached XP level 4. HP: 22/22 MP: 5/7
  2160 | D:3      | Found a runed translucent door.
  2161 | D:3      | Noticed Crazy Yiuf
  2190 | D:3      | Reached skill level 1 in Stealth
  2422 | D:3      | Slain by an iguana

Illustrated notes

Levels and vault maps discovered:
D:1:      onia_arrival_zoo_common, layout_basic, serial_shops, shop_fountains,
          minmay_lizard_king
D:2:      layout_loops_ring, shapermc_ecumenical_altar_mp_highgroup
D:3:      layout_loops_ring, lemuel_round_altar, portal_sewer_entry_b,
          uniq_crazy_yiuf_cottage

Skill      XL: |  1  2  3  4 |
---------------+-------------+-----
Hexes          | 4 |  4.4
Ranged Weapons | 3 |  3.6
Fighting       | 1 |  1.0
Stealth        | 1 |  1.5
Dodging        | |  2.9
Spellcasting   | |  1.9

Action                     |  1- 3 |  4- 6 || total
---------------------------+-------+-------++-------
   Fire: Sling             |   142 |    63 ||   205
   Cast: Slow              |    35 |    15 ||    50
 Armour: Robe              |     7 |     7 ||    14
  Dodge: Dodged            |    74 |    21 ||    95

Table legend: (Time is in decaauts)
 A = Elapsed time spent in this place.
 B = Non-inter-level travel time spent in this place.
 C = Inter-level travel time spent in this place.
 D = Time resting spent in this place.
 E = Time spent auto-exploring this place.
 F = Levels seen in this place.
 G = Mean time per level.
                   A        B        C        D        E       F      G
               +--------+--------+--------+--------+--------+-----+--------+
         Total |   1789 |   1761 |     28 |      0 |   1303 |   3 |  596.3 |
       Dungeon |   1789 |   1761 |     28 |      0 |   1303 |   3 |  596.3 |
               +--------+--------+--------+--------+--------+-----+--------+

Top non-repeatable levels by time:
     D:1: 821 daAuts
     D:2: 759 daAuts
     D:3: 208 daAuts
